 Dungeon Crawl Stone Soup version 0.32-a0-132-g2d33c3cfaf (webtiles) character file.

Game seed: 9775138330388088407

8251 SmokeWeed the Nimble (level 11, -7/76 HPs)
             Began as a Djinni Fire Elementalist on Feb 10, 2024.
             Was a Believer of Makhleb.
             Mangled by a yak (15 damage)
             ... on level 10 of the Dungeon.
             The game lasted 00:37:26 (10668 turns).

SmokeWeed the Nimble (Djinni Fire Elementalist)    Turns: 10668, Time: 00:37:26

Health: -7/76      AC:  7    Str:  7    XL:     11   Next: 52%
Gold:   533        EV: 23    Int: 25    God:    Makhleb [**....] SH:  0 Dex: 16

rFire   + + .        F - +2 short sword (elec)
rCold   x . .        (no shield)
rNeg    . . .        J - +2 robe {Will+}
rPois   ∞            x - +0 helmet
rElec   .            r - scarf {repulsion}
rCorr   .            h - +1 pair of gloves
SInv    .            (boots unavailable)
Will    ++...        (no amulet)
Stlth   +++          g - +6 ring of intelligence
HPRegen 0.32/turn    a - +5 ring of evasion
MPRegen 0.00/turn

%: repel missiles, infuse magic (-8 HP)
@: mighty, flying, studying Evocations
A: sickness immunity, fire resistance 2, cold vulnerability 1, float, innate
caster, HP casting, extra vitality 1
a: Renounce Religion, Minor Destruction


You were on level 10 of the Dungeon.
You worshipped Makhleb.
Makhleb was pleased with you.
You visited 1 branch of the dungeon, and saw 10 of its levels.

You collected 533 gold pieces.

Inventory:

Hand Weapons
 E - a +4 falchion
 F - a +2 short sword of electrocution (weapon)
 I - a +3 short sword
Missiles
 f - 16 boomerangs
 t - 18 poisoned darts (quivered)
Armour
 h - a +1 pair of gloves (worn)
 p - a +0 chain mail
 r - a scarf of repulsion (worn)
 x - a +0 helmet (worn)
 J - a +2 robe of willpower (worn)
Magical Staves
 q - a staff of earth
 H - a staff of death
Jewellery
 a - a +5 ring of evasion (right hand)
 b - a +6 ring of intelligence
 c - a +5 ring of evasion
 g - a +6 ring of intelligence (left hand)
 m - a ring of see invisible
 v - a ring of protection from fire
 y - a ring of protection from cold
 C - a +6 ring of strength
Wands
 D - a wand of polymorph (4)
Scrolls
 n - 4 scrolls of revelation
 A - a scroll of vulnerability
 G - 2 scrolls of teleportation
 K - a scroll of fog
Potions
 d - a potion of might
 i - 2 potions of curing
 k - 2 potions of haste
 l - 3 potions of magic {unknown}
 o - a potion of lignification {unknown}
 s - a potion of ambrosia {unknown}
 u - a potion of enlightenment {unknown}
 B - a potion of cancellation {unknown}


   Skills:
 * Level 5.5 Fighting
 + Level 4.3 Short Blades
 + Level 0.2 Throwing
 + Level 2.7 Armour
 + Level 11.1 Dodging
 + Level 4.7 Stealth
 * Level 6.6 Spellcasting
 * Level 6.6 Conjurations
 * Level 6.6 Hexes
 * Level 6.6 Summonings
 * Level 6.6 Necromancy
 * Level 6.6 Translocations
 * Level 6.6 Fire Magic
 * Level 6.6 Ice Magic
 * Level 6.6 Air Magic
 * Level 6.6 Earth Magic
 * Level 6.6 Alchemy
 * Level 3.5 Invocations
 + Level 8.4 Evocations


You knew the following spells:

 Your Spells              Type           Power      Damage    Failure   Level
a - Foxfire               Conj/Fire      100%       2x1d9     1%          1
b - Scorch                Fire           82%        2d8       1%          2
c - Volatile Blastmotes   Fire/Tloc      82%        2d16      1%          3
d - Inner Flame           Hex/Fire       41%        N/A       1%          3
e - Flame Wave            Conj/Fire      41%        2d11      4%          4
f - Apportation           Tloc           82%        N/A       1%          1
g - Ensorcelled Hibernat  Hex/Ice        82%        N/A       1%          2
h - Fugue of the Fallen   Necr           41%        N/A       1%          3
i - Swiftness             Air            41%        N/A       1%          3
j - Martyr's Knell        Necr/Summ      41%        N/A       4%          4
Your spell library was empty.

Dungeon Overview and Level Annotations

Branches:
Dungeon (10/15)            Temple (0/1) D:5
   Lair: D:8-11         Orc: D:9-12

Altars:
Cheibriados
Makhleb
Qazlal
Zin

Shops:
D:9 ?

Annotations:
D:9 2 transporters, jfitz's ghost, novice HuCj


Innate Abilities, Weirdness & Mutations

You are immune to sickness and miasma.
You are immune to poison.
Your flesh is very heat resistant. (rF++)
You are vulnerable to cold. (rC-)
You float through the air rather than walking.
You learn spells naturally, not from books.
Your magical power is your life essence.
You have superior vitality. (+4 MHP)


Message History

The yak gores you!
* * * LOW HITPOINT WARNING * * *
You hit the yak.
The yak is lightly wounded.
The yak completely misses you.
You hit the yak. Lightning courses through the yak!
The yak is severely wounded.
Throw: 19 darts (poison)
Press: ? - help, Q - select action, (/) - cycle Shift-Dir - straight line, f/p - yak
Aim: a yak (severely wounded, 70% to hit)
You throw a poisoned dart. The poisoned dart hits the yak.
The yak is poisoned.
The yak is severely wounded.
The yak misses you.
You barely miss the yak.
The yak is heavily wounded.
The yak gores you.
* * * LOW HITPOINT WARNING * * *
The yak attacks as it pursues you! The yak completely misses you.
The yak attacks as it pursues you! The yak closely misses you.
You feel better.
The yak looks more healthy.
The yak misses you.
You feel very mighty all of a sudden. The yak misses you.
You hit the yak. Lightning courses through the yak!
You kill the yak!
Makhleb accepts your kill.
You feel better. The yak completely misses you.
You are too injured to fight recklessly!
You hit the yak. Lightning courses through the yak! You punch the yak.
The yak is heavily wounded.
The yak closely misses you. The yak attacks as it pursues you!
The yak gores you but does no damage.
You barely miss the yak.
The yak is heavily wounded.
The yak gores you!
* * * LOW HITPOINT WARNING * * *
The yak misses you.
You barely miss the yak.
The yak is heavily wounded.
The yak gores you!
You die...

########
#......#
#......#
#......#
#....[.#
#...@.)#
#..YY..#
#......#
#..$...#
#......#
####.###
#(# #(#
#†#


You could see 2 yaks.

Vanquished Creatures
  Pikel (D:3)
  Joseph (D:7)
  A troll (D:9)
  A hornet (D:9)
  Grinder (D:4)
  Sigmund (D:4)
  Eustachio (D:4)
  20 yaks
  A steam dragon (D:6)
  Menkaure (D:4)
  2 acid dragons
  Edmund (D:4)
  A black bear (D:6)
  A sky beast (D:7)
  An ice beast (D:5)
  3 phantoms
  Blork the orc (D:5)
  3 kobold brigands (D:8)
  3 bullfrogs
  2 gnoll sergeants
  2 water moccasin zombies (D:4)
  8 wights
  A burial acolyte (D:8)
  4 killer bees (D:10)
  3 howler monkeys (D:9)
  A centaur zombie (D:4)
  2 hounds
  A bombardier beetle (D:6)
  7 orc priests
  2 jellies (D:4)
  An iguana (D:4)
  9 orc wizards
  3 hound zombies
  A howler monkey zombie (D:4)
  Robin (D:3)
  10 adders
  11 gnolls
  3 shadow imps
  2 white imps (D:5)
  2 ufetubi (D:7)
  4 adder zombies
  An adder skeleton (D:4)
  A ribbon worm (D:2)
  3 dart slugs
  27 orcs
  10 ball pythons
  3 bats
  14 endoplasms
  7 giant cockroaches
  A gnoll zombie (D:8)
  18 goblins
  13 hobgoblins
  8 jackals
  4 quokkas
  4 frilled lizards
  20 kobolds
  3 kobold zombies (D:8)
  4 rats
266 creatures vanquished.

Vanquished Creatures (collateral kills)
  2 foxfires (D:3)
2 creatures vanquished.

Vanquished Creatures (others)
  An ogre (D:6)
  411 foxfires
412 creatures vanquished.

Grand Total: 680 creatures vanquished

Notes
Turn   | Place    | Note
-------+----------+-------------------------------------------
     0 | D:1      | SmokeWeed the Djinni Fire Elementalist began the quest for
                  | the Orb.
     0 | D:1      | SmokeWeed set off with the following spells memorised:
                  | Foxfire, Scorch, Volatile Blastmotes, Inner Flame, Flame
                  | Wave.
     0 | D:1      | Reached XP level 1. HP: 15/15 MP: 0/0
   114 | D:1      | Reached XP level 2. HP: 19/21 MP: 0/0
   234 | D:1      | Found a faded altar of an unknown god.
   356 | D:1      | Reached XP level 3. HP: 21/25 MP: 0/0
   356 | D:1      | Learned a level 1 spell: Apportation
   554 | D:1      | Reached skill level 3 in Dodging
  1146 | D:2      | Reached XP level 4. HP: 18/31 MP: 0/0
  1700 | D:2      | Reached XP level 5. HP: 17/36 MP: 0/0
  1700 | D:2      | Learned a level 2 spell: Ensorcelled Hibernation
  2542 | D:3      | Reached skill level 1 in Short Blades
  2542 | D:3      | Reached skill level 1 in Armour
  2781 | D:4      | Noticed a phantom
  2814 | D:3      | Killed a phantom
  2815 | D:3      | Reached skill level 1 in Fighting
  2815 | D:3      | Reached XP level 6. HP: 17/42 MP: 0/0
  2931 | D:4      | Noticed Menkaure
  2949 | D:4      | Killed Menkaure
  2950 | D:4      | Reached XP level 7. HP: 28/47 MP: 0/0
  2950 | D:4      | Learned a level 3 spell: Fugue of the Fallen
  3135 | D:4      | Noticed Sigmund
  3299 | D:4      | Noticed Grinder
  3299 | D:4      | Noticed Robin
  3302 | D:4      | Reached skill level 4 in Dodging
  3307 | D:3      | Killed Robin
  3631 | D:4      | Killed Sigmund
  3632 | D:4      | Reached XP level 8. HP: 48/54 MP: 0/0
  3644 | D:4      | Reached skill level 5 in Dodging
  3662 | D:4      | Paralysed by Grinder for 4 turns
  3692 | D:4      | Paralysed by Grinder for 4 turns
  3699 | D:4      | Killed Grinder
  3700 | D:4      | Reached skill level 6 in Dodging
  3808 | D:4      | Noticed Eustachio
  3909 | D:4      | Killed Eustachio
  3909 | D:4      | Noticed Pikel
  3910 | D:4      | Reached skill level 7 in Dodging
  3929 | D:3      | Killed Pikel
  3930 | D:3      | Reached skill level 8 in Dodging
  3930 | D:3      | Reached XP level 9. HP: 42/58 MP: 0/0
  3930 | D:3      | Learned a level 3 spell: Swiftness
  3999 | D:4      | Noticed Edmund
  4006 | D:4      | Killed Edmund
  4007 | D:4      | Reached skill level 9 in Dodging
  4814 | D:5      | Entered Level 5 of the Dungeon
  5081 | D:5      | Found a staircase to the Ecumenical Temple.
  5088 | D:5      | Noticed Blork the orc
  5097 | D:5      | Killed Blork the orc
  5098 | D:5      | Reached skill level 1 in Evocations
  5358 | D:5      | Reached skill level 5 in Spellcasting
  5358 | D:5      | Reached skill level 5 in Conjurations
  5358 | D:5      | Reached skill level 5 in Hexes
  5358 | D:5      | Reached skill level 5 in Summonings
  5358 | D:5      | Reached skill level 5 in Necromancy
  5358 | D:5      | Reached skill level 5 in Translocations
  5358 | D:5      | Reached skill level 5 in Fire Magic
  5358 | D:5      | Reached skill level 5 in Ice Magic
  5358 | D:5      | Reached skill level 5 in Air Magic
  5358 | D:5      | Reached skill level 5 in Earth Magic
  5358 | D:5      | Reached skill level 5 in Alchemy
  6451 | D:6      | Reached skill level 10 in Dodging
  6727 | D:7      | Found a stormy altar of Qazlal.
  6867 | D:7      | Reached XP level 10. HP: 47/65 MP: 0/0
  6868 | D:7      | Reached skill level 5 in Evocations
  7447 | D:7      | Noticed Joseph
  7478 | D:7      | Killed Joseph
  8026 | D:8      | Found a snail-covered altar of Cheibriados.
  8055 | D:8      | Found a glowing silver altar of Zin.
  8060 | D:8      | Found a burning altar of Makhleb.
  8074 | D:8      | Became a worshipper of Makhleb the Destroyer
  8690 | D:8      | Reached * piety under Makhleb
  8967 | D:9      | Noticed a moth of wrath
  8968 | D:9      | Found a transporter.
  8999 | D:9      | Found Owoynlab's Magic Scroll Boutique.
  9078 | D:9      | Noticed jfitz's ghost (novice HuCj)
  9426 | D:9      | Reached skill level 11 in Dodging
  9584 | D:9      | Reached XP level 11. HP: 68/73 MP: 0/0
  9584 | D:9      | Learned a level 4 spell: Martyr's Knell
  9677 | D:9      | Reached skill level 1 in Invocations
 10388 | D:9      | Found a transporter.
 10538 | D:10     | Entered Level 10 of the Dungeon
 10603 | D:10     | Reached skill level 5 in Fighting
 10622 | D:10     | Reached ** piety under Makhleb
 10668 | D:10     | Mangled by a yak

Illustrated notes

Levels and vault maps discovered:
D:1:      lemuel_arrival_funnel, layout_basic,
          ebering_ecumenical_altar_sacrificial, minmay_tall_x
D:2:      layout_rooms, chequers_jeans, grunt_ministairs_5, minmay_pentomino_s4
D:3:      layout_basic, serial_bayou_lake_a
D:4:      layout_cave_pools, serial_undead, serial_undead_e, serial_undead_c,
          serial_undead_f, serial_undead_c, serial_undead_a, serial_undead_c,
          serial_undead_a, minmay_manual_mullet, uniq_grinder, uniq_edmund,
          uniq_robin, uniq_pikel, uniq_sigmund, uniq_menkaure, uniq_eustachio
D:5:      layout_loops_ring, minmay_temple_entry_wispy, uniq_blork_the_orc
D:6:      layout_basic
D:7:      layout_loops_ring, amcnicky_altar_gilded, uniq_joseph
D:8:      layout_cave_pools, minmay_overflow_temple_star_quad,
          regret_index_kikubaaqudgha_part_by_part, nrook_pool_corridor,
          mrwooster_statue_mirror, chequers_serial_rivers_marsh
D:9:      layout_loops_corners, led_sif_book, gammafunk_ghost_berserking_beasts,
          serial_shops, shop, minmay_statues_item
D:10:     layout_rooms, minmay_lair_entry_grove, hiddenorc1_lemuel,
          serial_shops, shop, uniq_grum

Skill      XL: |  1  2  3  4  5  6  7  8  9 10 11 |
---------------+----------------------------------+-----
Stealth        | 2 3 4 |  4.7
Dodging        | 3 4 8 10 11 | 11.1
Short Blades   | 1 2 3 4 |  4.3
Armour         | 2 |  2.7
Fighting       | 1 2 4 5 |  5.5
Spellcasting   | 4 5 6 |  6.6
Conjurations   | 4 5 6 |  6.6
Hexes          | 4 5 6 |  6.6
Summonings     | 4 5 6 |  6.6
Necromancy     | 4 5 6 |  6.6
Translocations | 4 5 6 |  6.6
Fire Magic     | 4 5 6 |  6.6
Ice Magic      | 4 5 6 |  6.6
Air Magic      | 4 5 6 |  6.6
Earth Magic    | 4 5 6 |  6.6
Alchemy        | 4 5 6 |  6.6
Evocations     | 4 8 |  8.4
Invocations    | 3 |  3.5
Throwing       | |  0.2

Action                     |  1- 3 |  4- 6 |  7- 9 | 10-12 || total
---------------------------+-------+-------+-------+-------++-------
  Melee: Dagger            |     2 |    55 |    28 |     3 ||    88
         Punch             |       |     3 |       |     4 ||     7
         Short sword       |       |       |       |    70 ||    70
  Throw: Dart              |       |       |       |     9 ||     9
   Cast: Foxfire           |    42 |    33 |       |   176 ||   251
         Scorch            |    26 |    23 |   173 |    98 ||   320
         Volatile Blastmot |       |     1 |       |       ||     1
         Fugue of the Fall |       |       |     1 |     2 ||     3
         Swiftness         |       |       |     1 |     1 ||     2
         Flame Wave        |       |       |     1 |     1 ||     2
         Ensorcelled Hiber |       |       |       |    12 ||    12
         Inner Flame       |       |       |       |     1 ||     1
         Martyr's Knell    |       |       |       |     1 ||     1
    Use: Scroll            |     2 |     6 |     6 |     2 ||    16
         Potion            |       |       |     2 |     5 ||     7
   Stab: Sleeping          |       |       |       |    10 ||    10
 Armour: Robe              |    14 |    44 |   129 |    56 ||   243
         Chain mail        |       |    21 |       |       ||    21
  Dodge: Dodged            |    18 |    62 |   122 |   133 ||   335

Table legend: (Time is in decaauts)
 A = Elapsed time spent in this place.
 B = Non-inter-level travel time spent in this place.
 C = Inter-level travel time spent in this place.
 D = Time resting spent in this place.
 E = Time spent auto-exploring this place.
 F = Levels seen in this place.
 G = Mean time per level.
                   A        B        C        D        E       F      G
               +--------+--------+--------+--------+--------+-----+--------+
         Total |  10653 |  10435 |    218 |   1383 |   6866 |  10 | 1065.3 |
       Dungeon |  10653 |  10435 |    218 |   1383 |   6866 |  10 | 1065.3 |
               +--------+--------+--------+--------+--------+-----+--------+

Top non-repeatable levels by time:
     D:3: 1580 daAuts
     D:9: 1532 daAuts
     D:8: 1314 daAuts
     D:4: 1293 daAuts
     D:1: 1135 daAuts
     D:6: 961 daAuts
     D:7: 960 daAuts
     D:5: 949 daAuts
     D:2: 808 daAuts
    D:10: 118 daAuts
